[Event "FIDE Women World Blitz 2021"]
[Site "Warsaw"]
[Date "2021.12.29"]
[Round "1.31"]
[White "Utiatskaja, Irina"]
[Black "Padmini, Rout"]
[Result "0-1"]
[ECO "B38"]
[WhiteElo "2184"]
[BlackElo "2353"]
[Annotator "NA"]
[PlyCount "72"]
[EventDate "2021.12.29"]
[EventType "swiss"]
[EventCountry "POL"]
[Tiebreak "Cut1 Buchholz"]
[SourceTitle "playchess.com"]
[Source "ChessBase"]
[SourceQuality "1"]
[TimeControl "180+2"]

1. e4 c5 2. Nf3 g6 3. d4 cxd4 4. Nxd4 Nc6 5. c4 Bg7 6. Be3 Nf6 7. Nc3 O-O 8. f3 d6 9. Be2 Bd7 10. Nc2 Qa5 11. O-O Rfc8 12. Qd2 Ne5 13.
Na3 a6 14. Rfd1 Be6 15. Nd5 Qxd2 16. Rxd2 Bxd5 17. cxd5 b5 18. h3 Nfd7 19. f4 b4 20. Nc2 Nc4 21. Bxc4 Rxc4 22. Bd4 Rxc2 23. Rxc2 Bxd4+ 24. Kf1 Nc5 25. Rd1 Bg7 26. e5 a5 27. exd6 exd6 28. Re2 Bf6 29. g4 h6 30. Kg2 Na4 31. Rc1 Nc5 32. b3 Nd3 33. Rf1 Rc8 34. Rf3 Nc1 35. Re1 Rc2+ 36. Kg3 Ne2+ 0-1

[Event "FIDE Women World Blitz 2021"]
[Site "Warsaw"]
[Date "2021.12.29"]
[Round "1.32"]
[White "Bulmaga, Irina"]
[Black "Smirnova, Ekaterina"]
[Result "1-0"]
[ECO "C18"]
[WhiteElo "2405"]
[BlackElo "2196"]
[Annotator "NA"]
[PlyCount "127"]
[EventDate "2021.12.29"]
[EventType "swiss"]
[EventCountry "POL"]
[Tiebreak "Cut1 Buchholz"]
[SourceTitle "playchess.com"]
[Source "ChessBase"]
[SourceQuality "1"]
[TimeControl "180+2"]

1. e4 e6 2. d4 d5 3. Nc3 Bb4 4. e5 c5 5. a3 Bxc3+ 6. bxc3 Qc7 7. Qg4 f6 8. Nf3 c4 9. Be2 Nc6 10. Bf4 Qf7 11. h4 h5 12. Qg3 Nh6 13.
Bxh6 Rxh6 14. O-O Bd7 15. exf6 gxf6 16. Qc7 Bc8 17. Qd6 Qe7 18. Qf4 Rh8 19. Qe3 Bd7 20. Rfe1 O-O-O 21. Bf1 Rhg8 22. g3 Rde8 23. Bh3 e5 24. Bxd7+ Qxd7 25. dxe5 fxe5 26. Ng5 Rgf8 27. Rad1 Kb8 28. Qe2 Rd8 29. Qxh5 Qf5 30. Qe2 e4 31. Kg2 Ne5 32. Rf1 Rg8 33. Qe3 Rd7 34. f4 exf3+ 35. Nxf3 Nxf3 36. Qxf3 Qxc2+ 37. Rf2 Qg6 38. Rd4 Rdg7 39. Qf4+ Ka8 40. Rf3 a6 41. Rxd5 Qc2+ 42. Kh3 Qb1 43. Kh2 Re8 44. Rd2 Rge7 45. Rf1 Qg6 46. Rdf2 Qc6 47. Qf3 Qc5 48. Qf5 Re5 49. Qf4 Qxa3 50. Qxc4 Qd6 51. Qd4 Qc7 52. Rf8 Re2+ 53. R1f2 Rxf2+ 54. Rxf2 Rd8 55. Qe3 Rg8 56. Qf3 a5 57. Ra2 Qc5 58. Qf4 Rf8 59. Qd4 Qf5 60. Qb6 Kb8 61. Qxa5 Qf1 62. Qa7+ Kc7 63. Qc5+ Kb8 64. Qd6+ 1-0

[Event "FIDE Women World Blitz 2021"]
[Site "Warsaw"]
[Date "2021.12.29"]
[Round "1.33"]
[White "Bartel, Marta"]
[Black "Majdan, Joanna"]
[Result "1-0"]
[ECO "E61"]
[WhiteElo "2192"]
[BlackElo "2325"]
[Annotator "NA"]
[PlyCount "103"]
[EventDate "2021.12.29"]
[EventType "swiss"]
[EventCountry "POL"]
[Tiebreak "Cut1 Buchholz"]
[SourceTitle "playchess.com"]
[Source "ChessBase"]
[SourceQuality "1"]
[TimeControl "180+2"]

1. d4 Nf6 2. Nf3 d6 3. Bg5 Nbd7 4. e3 g6 5. c4 Bg7 6. Nc3 O-O 7. Be2 e5 8. O-O h6 9. Bh4 c6 10. Qc2 Qe7 11. Rad1 Re8 12. a3 a6 13. b4 e4 14. Nd2 g5 15. Bg3 Nf8 16. Nb3 Ng6 17. d5 cxd5 18.
Nxd5 Nxd5 19. Rxd5 Ne5 20. Rfd1 Be6 21. Rxd6 Rac8 22. c5 Bf5 23. Qd2 Bg6 24. Na5 h5 25. h3 h4 26. Bh2 Bf5 27. Nc4 Nd3 28.
Nb6 Rcd8 29. Nd5 Qf8 30. Nc7 Re7 31. Nd5 Red7 32. f3 Be5 33.
Bxe5 Nxe5 34. Nf6+ Kg7 35. Nxd7 Rxd7 36. Rxd7 Nxd7 37. fxe4 Be6 38. Qd4+ Kg8 39. Rf1 Qe7 40. Bc4 Nf8 41. Bxe6 Nxe6 42. Qd5 Kg7 43. Qf5 Qc7 44. e5 Qd7 45. Qf6+ Kg8 46. Qf3 Kg7 47. Rd1 Qc7 48. Rd6 Qc8 49. Qf6+ Kg8 50. Qe7 Kg7 51. Rd7 Qg8 52. Qxe6 1-0

[Event "FIDE Women World Blitz 2021"]
[Site "Warsaw"]
[Date "2021.12.29"]
[Round "1.34"]
[White "Kulon, Klaudia"]
[Black "Vantika Agrawal"]
[Result "0-1"]
[ECO "A24"]
[WhiteElo "2328"]
[BlackElo "2329"]
[Annotator "NA"]
[PlyCount "140"]
[EventDate "2021.12.29"]
[EventType "swiss"]
[EventCountry "POL"]
[Tiebreak "Cut1 Buchholz"]
[SourceTitle "playchess.com"]
[Source "ChessBase"]
[SourceQuality "1"]
[TimeControl "180+2"]

1. c4 Nf6 2. g3 g6 3. Bg2 Bg7 4. Nc3 O-O 5. e3 d6 6. Nge2 e5 7. O-O h5 8. h3 Nbd7 9. b4 Re8 10. d4 e4 11. Qc2 Qe7 12. Nf4 c6 13.
d5 c5 14. a3 b6 15. Bb2 Nf8 16. Rae1 Bf5 17. Kh2 N8d7 18. Qe2 Ne5 19. bxc5 bxc5 20. Rb1 Nf3+ 21. Kh1 g5 22. Nxh5 Nxh5 23. g4 Qe5 24. Bxf3 exf3 25. Qxf3 Bxb1 26. Rxb1 Nf6 27. Nb5 Qe4 28.
Qxe4 Nxe4 29. Nc7 Reb8 30. Nxa8 Rxb2 31. Rc1 Nxf2+ 32. Kg1 Nxh3+ 33. Kf1 Be5 34. Nc7 Bg3 35. Nb5 Rf2+ 36. Ke1 Rg2+ 37. Kd1 Nf2+ 38. Kc2 Nxg4+ 39. Kd3 f5 40. Nxa7 Ne5+ 41. Kc3 Re2 42. Kb3 Rxe3+ 43. Ka4 Re4 44. Kb5 f4 45. Nc8 f3 46. Nxd6 Re2 47. Nf5 Bf4 48. Ra1 f2 49. Rf1 Nd3 50. Nh6+ Kg7 51. Ng4 Re1 52. Rxf2 Nxf2 53. Nxf2 Rb1+ 54. Kc6 Ra1 55. Nd3 Rxa3 56. Nxc5 Rc3 57. Ne6+ Kf6 58. c5 Be5 59. Kd7 g4 60. c6 g3 61. d6 Bxd6 62. Kxd6 g2 63. Nc5 Rxc5 64. Kxc5 g1=Q+ 65. Kd6 Qd4+ 66. Kc7 Ke7 67. Kb7 Qb4+ 68. Kc8 Qb5 69. c7 Kd6 70. Kd8 Qd7# 0-1

[Event "FIDE Women World Blitz 2021"]
[Site "Warsaw"]
[Date "2021.12.29"]
[Round "1.35"]
[White "Kurmangaliyeva, Liya"]
[Black "Mamedjarova, Turkan"]
[Result "1-0"]
[ECO "E12"]
[WhiteElo "2222"]
[BlackElo "2264"]
[Annotator "NA"]
[PlyCount "131"]
[EventDate "2021.12.29"]
[EventType "swiss"]
[EventCountry "POL"]
[Tiebreak "Cut1 Buchholz"]
[SourceTitle "playchess.com"]
[Source "ChessBase"]
[SourceQuality "1"]
[TimeControl "180+2"]

1. d4 Nf6 2. c4 e6 3. Nf3 b6 4. a3 Bb7 5. Nc3 d5 6. Qa4+ c6 7. Bg5 Be7 8.
cxd5 exd5 9. e3 O-O 10. Bd3 h6 11. Bh4 c5 12. Rc1 c4 13.
Bb1 Nbd7 14. O-O Re8 15. Qc2 a6 16. Ne5 Nf8 17. Qf5 Bc8 18.
Qf3 Qd6 19. Bxf6 Bxf6 20. Qxd5 Bxe5 21. dxe5 Qxd5 22. Nxd5 Rb8 23. Rxc4 Rxe5 24. Rd4 b5 25. Nb4 Bb7 26. Rc1 Ne6 27. Rd7 Rg5 28. g3 Kf8 29. Nc6 Rc8 30. Rxb7 Nc5 31. Nd4 Rd5 32. b4 Nxb7 33. Rxc8+ Ke7 34. Rc7+ Rd7 35. Rxd7+ Kxd7 36. Be4 Nd6 37. Bd5 f6 38. e4 Ke7 39. f3 Nc8 40. Kf2 Nb6 41. Bb3 g6 42. Ke3 Kd6 43.
Kd3 Nd7 44. f4 h5 45. Nf3 Nb8 46. Bd5 Nd7 47. Kd4 Nb6 48. e5+ Ke7 49. Bb7 Nc4 50. Bxa6 Nxa3 51. Kc3 Ke6 52. Kb3 Nc4 53. Bxb5 Ne3 54. exf6 Kxf6 55. Bd3 Ng4 56. b5 Ke7 57. Kb4 Kd6 58. Bxg6 Ne3 59. Bxh5 Nd5+ 60. Kb3 Kc5 61. Be8 Ne3 62. h4 Nf5 63. g4 Nd6 64. Bc6 Nc4 65. h5 Ne3 66. h6 1-0

[Event "FIDE Women World Blitz 2021"]
[Site "Warsaw"]
[Date "2021.12.29"]
[Round "1.36"]
[White "Girya, Olga"]
[Black "Kucharska, Honorata"]
[Result "0-1"]
[ECO "A89"]
[WhiteElo "2402"]
[BlackElo "2168"]
[Annotator "ChessBase"]
[PlyCount "116"]
[EventDate "2021.12.29"]
[EventType "swiss"]
[EventCountry "POL"]
[Tiebreak "Cut1 Buchholz"]
[SourceTitle "playchess.com"]
[Source "ChessBase"]
[SourceQuality "1"]
[TimeControl "180+2"]

1. d4 f5 2. c4 Nf6 3. Nc3 d6 4. Nf3 g6 5. g3 Bg7 6. Bg2 O-O 7. O-O Nc6 8. d5 Na5 9. Qd3 c5 10. Ng5 Ng4 11. f4 e5 12. dxe6 h6 13. Nd5 Nc6 14. Nf7 Qe8 15.
Nc7 Qe7 16. Qxd6 Bxe6 17. Bxc6 Qxf7 18. Qxe6 bxc6 19. Qxf7+ Kxf7 20. Nxa8 Rxa8 21. h3 Nf6 22. Be3 Ne4 23. Kg2 Bxb2 24. Rab1 Bf6 25. Rb7+ Ke6 26. Rd1 a5 27. Rb6 Rc8 28. Ra6 Bc3 29. g4 h5 30. Ra7 hxg4 31. hxg4 Rb8 32. Rdd7 fxg4 33. Re7+ Kf5 34. Rab7 Rh8 35. Rf7+ Nf6 36. Bxc5 Kxf4 37. Rbe7 g3 38. Re3 Rh2+ 39. Kg1 Ba1 40. Rf3+ Kg4 41. R7xf6 Bxf6 42. Rxf6 Rxe2 43. Rxg6+ Kf3 44. Rf6+ Kg4 45. Rxc6 Rxa2 46. Rg6+ Kh3 47. Rf6 a4 48. Bd4 Rd2 49. Be3 Rd3 50. Bb6 a3 51. Rh6+ Kg4 52. Rg6+ Kh3 53. Rh6+ Kg4 54. Re6 a2 55. Re1 Rb3 56. Bd4 Rb1 57. Kf1 Kf3 58. c5 g2+ 0-1

[Event "FIDE Women World Blitz 2021"]
[Site "Warsaw"]
[Date "2021.12.29"]
[Round "1.37"]
[White "Hryzlova, Sofiia"]
[Black "Garifullina, Leya"]
[Result "1/2-1/2"]
[ECO "E48"]
[WhiteElo "2097"]
[BlackElo "2416"]
[Annotator "NA"]
[PlyCount "101"]
[EventDate "2021.12.29"]
[EventType "swiss"]
[EventCountry "POL"]
[Tiebreak "Cut1 Buchholz"]
[SourceTitle "playchess.com"]
[Source "ChessBase"]
[SourceQuality "1"]
[TimeControl "180+2"]

1. d4 Nf6 2. c4 e6 3. Nc3 Bb4 4. e3 c5 5. Bd3 O-O 6. Nge2 cxd4 7. exd4 d5 8.
a3 Be7 9. O-O Nc6 10. Bf4 h6 11. c5 Nh5 12. Be3 a5 13. Rb1 Bg5 14. Qd2 Bxe3 15. Qxe3 Qg5 16. f4 Qh4 17. b4 axb4 18. axb4 Ra3 19. Rf3 Qf6 20. b5 Ne7 21. g4 Bd7 22. g5 Nf5 23. gxf6 Nxe3 24. fxg7 Rfa8 25. Rxe3 Nxg7 26. Rg3 Kf8 27. Kf2 Nh5 28. Rf3 Nf6 29. h3 Ke7 30.
Ke3 Ra1 31. Rff1 R1a3 32. Rb2 Be8 33. Rfb1 Bd7 34. Rb3 R3a5 35. f5 Rg8 36. fxe6 fxe6 37. Rg1 Rxg1 38. Nxg1 Ra1 39. Nf3 Rh1 40. h4 Rh3 41. Bf1 Rh1 42. Rb1 Be8 43. Ne5 Rg1 44. c6 bxc6 45. b6 Rg3+ 46. Kd2 c5 47. b7 cxd4 48. Nxd5+ exd5 49. b8=Q Ne4+ 50. Kc1 Rc3+ 51. Kb2 1/2-1/2

[Event "FIDE Women World Blitz 2021"]
[Site "Warsaw"]
[Date "2021.12.29"]
[Round "1.38"]
[White "Mamedjarova, Zeinab"]
[Black "Malicka, Maria"]
[Result "1-0"]
[ECO "E14"]
[WhiteElo "2249"]
[BlackElo "2307"]
[Annotator "NA"]
[PlyCount "123"]
[EventDate "2021.12.29"]
[EventType "swiss"]
[EventCountry "POL"]
[Tiebreak "Cut1 Buchholz"]
[SourceTitle "playchess.com"]
[Source "ChessBase"]
[SourceQuality "1"]
[TimeControl "180+2"]

1. d4 Nf6 2. Nf3 e6 3. e3 c5 4. Bd3 b6 5. O-O Bb7 6. Nbd2 Be7 7. b3 O-O 8. Bb2 d6 9. c4 Nbd7 10. Rc1 Rc8 11. Qe2 Re8 12. Rfd1 Qc7 13.
Bb1 Bf8 14. dxc5 dxc5 15. h3 Bd6 16. Ng5 Be5 17. Bxe5 Nxe5 18. Nde4 Nxe4 19. Nxe4 Red8 20. Qh5 Bxe4 21. Bxe4 g6 22. Qg5 Kg7 23. h4 h6 24. Qg3 Nc6 25. Qxc7 Rxc7 26. Bxc6 Rxd1+ 27. Rxd1 Rxc6 28. Rd7 a6 29. Kf1 b5 30. Ra7 bxc4 31. bxc4 Rb6 32. a3 Rb1+ 33. Ke2 Rb2+ 34. Kf3 Rc2 35. Rxa6 Rxc4 36. g3 Rc2 37. e4 Kf6 38. Ke3 Rc3+ 39. Kd2 Rc4 40. f3 Kg7 41. a4 Rb4 42. Kc3 Rb1 43. Kc4 Rf1 44. f4 Rf3 45. a5 Rxg3 46. Rb6 Ra3 47. a6 Ra4+ 48. Kxc5 Rxe4 49. Kb5 Re1 50. a7 Rb1+ 51. Ka6 Ra1+ 52. Kb7 Rxa7+ 53. Kxa7 Kf6 54. Rb5 g5 55. fxg5+ hxg5 56. hxg5+ Kg6 57. Kb6 f5 58. gxf6 Kxf6 59. Kc5 e5 60. Kc4 Kf5 61. Kd3 Kf4
62. Ke2 1-0

[Event "FIDE Women World Blitz 2021"]
[Site "Warsaw"]
[Date "2021.12.29"]
[Round "1.39"]
[White "Kubicka, Anna"]
[Black "Socko, Monika"]
[Result "0-1"]
[ECO "C04"]
[WhiteElo "2273"]
[BlackElo "2393"]
[Annotator "NA"]
[PlyCount "74"]
[EventDate "2021.12.29"]
[EventType "swiss"]
[EventCountry "POL"]
[Tiebreak "Cut1 Buchholz"]
[SourceTitle "playchess.com"]
[Source "ChessBase"]
[SourceQuality "1"]
[TimeControl "180+2"]

1. e4 e6 2. d4 d5 3. Nd2 Nc6 4. Ngf3 Nf6 5. Bd3 Be7 6. c3 O-O 7. O-O h6 8. h3 b6 9. Qe2 Bb7 10. e5 Nd7 11. Nh2 Bc8 12. f4 f5 13. g4 Na5 14. gxf5 exf5 15. Qh5 Nb8 16. Kh1 Qe8 17. Qf3 Be6 18. Rg1 c5 19. Qg3 Qf7 20. Ndf3 Nbc6 21. a3 cxd4 22. b4 Nb3 23. Rb1 Nxc1 24. Rbxc1 dxc3 25. Rxc3 Rfc8 26. Rc2 Bf8 27. Rcg2 d4 28. Nh4 Ne7 29. N2f3 Rd8 30. Nd2 Rac8 31. Nhf3 Rc3 32. Be2 Re3 33. Bd1 Rc8 34. Qh4 Bd5 35. Qxh6 Rcc3 36. Ng5 gxh6 37. Nxf7+ Kxf7 0-1

[Event "FIDE Women World Blitz 2021"]
[Site "Warsaw"]
[Date "2021.12.29"]
[Round "2.1"]
[White "Mamedjarova, Turkan"]
[Black "Utiatskaja, Irina"]
[Result "1-0"]
[ECO "E61"]
[WhiteElo "2264"]
[BlackElo "2184"]
[Annotator "NA"]
[PlyCount "83"]
[EventDate "2021.12.29"]
[EventType "swiss"]
[EventCountry "POL"]
[Tiebreak "Cut1 Buchholz"]
[SourceTitle "playchess.com"]
[Source "ChessBase"]
[SourceQuality "1"]
[TimeControl "180+2"]

1. d4 Nf6 2. Nf3 g6 3. c4 d6 4. Nc3 Bf5 5. Bg5 Bg7 6. e3 O-O 7. Be2 Ne4 8. Nxe4 Bxe4 9. O-O h6 10. Bh4 b6 11. Nd2 Bb7 12. f4 c5 13.
Bf3 Bxf3 14. Nxf3 cxd4 15. exd4 Qc7 16. Rc1 Re8 17. Re1 Nc6 18. Qd2 Rac8 19. d5 Na5 20. b3 Kh7 21. h3 Nb7 22. Re2 e6 23.
dxe6 fxe6 24. Rce1 Qd7 25. Bf2 Qf7 26. Bd4 Bxd4+ 27. Qxd4 Rc5 28. Nd2 Rf5 29. g3 e5 30. Qd5 Qxd5 31. cxd5 Nc5 32. Nc4 Rd8 33. fxe5 dxe5 34. Rxe5 Rxd5 35. Re7+ Kg8 36. Rxa7 Nd3 37. Re8+ Rf8 38. Rxf8+ Kxf8 39. Nxb6 Rf5 40. Rd7 Ne5 41. Rd1 Rf3 42. Rf1 1-0

[Event "FIDE Women World Blitz 2021"]
[Site "Warsaw"]
[Date "2021.12.29"]
[Round "2.1"]
[White "Garcia Martin, Marta"]
[Black "Muzychuk, Anna"]
[Result "0-1"]
[ECO "C54"]
[WhiteElo "2194"]
[BlackElo "2533"]
[Annotator "ChessBase"]
[PlyCount "78"]
[EventDate "2021.12.29"]
[EventType "swiss"]
[EventCountry "POL"]
[Tiebreak "Cut1 Buchholz"]
[SourceTitle "playchess.com"]
[Source "ChessBase"]
[SourceQuality "1"]
[TimeControl "180+2"]

1. e4 e5 2. Nf3 Nc6 3. Bc4 Bc5 4. O-O Nf6 5. d3 d6 6. c3 a5 7. a4 h6 8. Re1 O-O 9. h3 Be6 10. Nbd2 Bxc4 11. Nxc4 Re8 12. Qb3 Qd7 13. Be3 Bxe3 14. Nxe3 Ne7 15. Nh4 c6 16. Nc4 Qe6 17. d4 Nd7 18. Nf5 exd4 19. Nfxd6 b5 20. axb5 cxb5 21. Qxb5 Reb8 22. Qh5 dxc3 23. bxc3 a4 24. Red1 Nf6 25. Qf3 Ng6 26. Qe3 Ne5 27. Nxe5 Qxe5 28. Nc4 Qe6 29. Nd6 a3 30. e5 Nd7 31. f4 a2 32. Kh2 Rb2 33. c4 Nf8 34. f5 Qd7 35. Qg3 Qc6 36. f6 g6 37. Re1 Ra3 38.
Qg4 h5 39. Qg5 Ne6 0-1

[Event "FIDE Women World Blitz 2021"]
[Site "Warsaw"]
[Date "2021.12.29"]
[Round "2.2"]
[White "Koneru, Humpy"]
[Black "Badelka, Olga"]
[Result "1-0"]
[ECO "D38"]
[WhiteElo "2586"]
[BlackElo "2188"]
[Annotator "ChessBase"]
[PlyCount "39"]
[EventDate "2021.12.29"]
[EventType "swiss"]
[EventCountry "POL"]
[Tiebreak "Cut1 Buchholz"]
[SourceTitle "playchess.com"]
[Source "ChessBase"]
[SourceQuality "1"]
[TimeControl "180+2"]

1. d4 Nf6 2. c4 e6 3. Nf3 d5 4. Nc3 Bb4 5. Qa4+ Nc6 6. e3 O-O 7. Qc2 dxc4 8.
Bxc4 Bd6 9. O-O e5 10. h3 exd4 11. exd4 h6 12. a3 a6 13. Re1 b5 14. Ba2 Bb7 15. Bxh6 gxh6 16. Qg6+ Kh8 17. Qxh6+ Nh7 18. Ne4 f5 19. Nh4 Ne7 20. Ng5 1-0

[Event "FIDE Women World Blitz 2021"]
[Site "Warsaw"]
[Date "2021.12.29"]
[Round "2.2"]
[White "Smirnova, Ekaterina"]
[Black "Girya, Olga"]
[Result "0-1"]
[ECO "D26"]
[WhiteElo "2196"]
[BlackElo "2402"]
[Annotator "NA"]
[PlyCount "78"]
[EventDate "2021.12.29"]
[EventType "swiss"]
[EventCountry "POL"]
[Tiebreak "Cut1 Buchholz"]
[SourceTitle "playchess.com"]
[Source "ChessBase"]
[SourceQuality "1"]
[TimeControl "180+2"]

1. d4 Nf6 2. c4 e6 3. Nf3 d5 4. Nc3 Be7 5. Bf4 dxc4 6. e3 a6 7. a4 c5 8. Bxc4 cxd4 9. exd4 Nc6 10. O-O O-O 11. Re1 Nb4 12. Ne5 Nbd5 13. Bg3 Bd7 14. Qb3 Bc6 15. Nxc6 bxc6 16. a5 Nh5 17. Be5 f6 18. Bg3 Nxg3 19. hxg3 Rb8 20. Qc2 Qd6 21. Na4 Kh8 22. Qe4 Nc7 23. Bd3 f5 24. Qe3 Bf6 25. g4 Bxd4 26. Qh3 Qf4 27. Re2 Rf6 28. gxf5 Rh6 29. g3 Rxh3 30. gxf4 Rxd3 31. fxe6 Re8 32. f5 g6 33. fxg6 hxg6 34. Rae1 Re7 35. Kg2 Kg7 36. Nb6 Bxb6 37. axb6 Nd5 38. b7 Rb3 39. Rc1 Nf4+ 0-1

[Event "FIDE Women World Blitz 2021"]
[Site "Warsaw"]
[Date "2021.12.29"]
[Round "2.3"]
[White "Garifullina, Leya"]
[Black "Kubicka, Anna"]
[Result "1-0"]
[ECO "B90"]
[WhiteElo "2416"]
[BlackElo "2273"]
[Annotator "NA"]
[PlyCount "51"]
[EventDate "2021.12.29"]
[EventType "swiss"]
[EventCountry "POL"]
[Tiebreak "Cut1 Buchholz"]
[SourceTitle "playchess.com"]
[Source "ChessBase"]
[SourceQuality "1"]
[TimeControl "180+2"]

1. e4 c5 2. Nf3 d6 3. d4 cxd4 4. Nxd4 Nf6 5. Nc3 a6 6. h3 e5 7. Nde2 b5 8. Ng3 Be7 9. Bd3 O-O 10. O-O Nc6 11. Be3 Be6 12. Nh5 Nxh5 13.
Qxh5 Nb4 14. Rfd1 Qc7 15. a3 Nxd3 16. Rxd3 Rfd8 17. Bg5 Bxg5 18. Qxg5 f6 19. Qe3 Rab8 20. Rad1 a5 21. R1d2 Bc4 22. Nd5 Bxd5 23. Rxd5 b4 24. Kh2 Rd7 25. Qb3 bxa3 26. Rb5+ 1-0

[Event "FIDE Women World Blitz 2021"]
[Site "Warsaw"]
[Date "2021.12.29"]
[Round "2.3"]
[White "Fernandez, Maria Florencia"]
[Black "Stefanova, Antoaneta"]
[Result "1-0"]
[ECO "D43"]
[WhiteElo "2184"]
[BlackElo "2475"]
[Annotator "ChessBase"]
[PlyCount "75"]
[EventDate "2021.12.29"]
[EventType "swiss"]
[EventCountry "POL"]
[Tiebreak "Cut1 Buchholz"]
[SourceTitle "playchess.com"]
[Source "ChessBase"]
[SourceQuality "1"]
[TimeControl "180+2"]

1. d4 d5 2. c4 c6 3. Nc3 Nf6 4. Nf3 a6 5. Qb3 dxc4 6. Qxc4 b5 7. Qb3 e6 8. Bg5 Nbd7 9. e4 h6 10. Bxf6 Nxf6 11. a3 c5 12. Rd1 Qa5 13. e5 c4 14. Qc2 Nd5 15. Be2 Nxc3 16. bxc3 Bb7 17. a4 b4 18. cxb4 Bxb4+ 19. Kf1 Rc8 20. Rb1 Bd5 21. h4 O-O 22. Kg1 Be7 23.
h5 Rb8 24. Kh2 c3 25. Rhc1 Rxb1 26. Rxb1 Rc8 27. Bd3 Bc6 28. Ra1 Bxf3 29. gxf3 Qd5 30. Bxa6 Rc7 31. Be2 Qxd4 32. Qe4 Qxf2+ 33. Kh3 c2 34. Bd3 Kf8 35. Rc1 Qd2 36. Rxc2 Rxc2 37. Qa8+ Bd8 38. Qxd8# 1-0

[Event "FIDE Women World Blitz 2021"]
[Site "Warsaw"]
[Date "2021.12.29"]
[Round "2.4"]
[White "Malicka, Maria"]
[Black "Dworakowska, Joanna"]
[Result "0-1"]
[ECO "B95"]
[WhiteElo "2307"]
[BlackElo "2228"]
[Annotator "NA"]
[PlyCount "68"]
[EventDate "2021.12.29"]
[EventType "swiss"]
[EventCountry "POL"]
[Tiebreak "Cut1 Buchholz"]
[SourceTitle "playchess.com"]
[Source "ChessBase"]
[SourceQuality "1"]
[TimeControl "180+2"]

1. e4 c5 2. Nf3 d6 3. d4 cxd4 4. Nxd4 Nf6 5. Nc3 a6 6. f3 e6 7. Bg5 Be7 8. f4 Nbd7 9. Qf3 Qc7 10. O-O-O h6 11. Bxf6 Bxf6 12. g4 Nb6 13. h4 Bxd4 14. g5 Qc5 15. Rxd4 Bd7 16. Rd2 Bb5 17. Be2 Bxe2 18. Rhd1 O-O-O 19. Nxe2 Kb8 20. Rd3 Qb5 21. Rc3 Qd7 22. Nd4 Qc7 23. Rb3 e5 24. f5 hxg5 25. Ne2 Rc8 26. hxg5 Ka7 27. Qd3 Qe7 28. Rc3 Rc6 29. Qe3 Qc7 30. Rb3 Kb8 31. Nc3 Rc8 32. Qe2 Na4 33. Rh1 Qa5 34. Rh3 Nxc3 0-1

[Event "FIDE Women World Blitz 2021"]
[Site "Warsaw"]
[Date "2021.12.29"]
[Round "2.4"]
[White "Babiy, Olga"]
[Black "Gunina, Valentina"]
[Result "0-1"]
[ECO "D02"]
[WhiteElo "2179"]
[BlackElo "2480"]
[Annotator "ChessBase"]
[PlyCount "53"]
[EventDate "2021.12.29"]
[EventType "swiss"]
[EventCountry "POL"]
[Tiebreak "Cut1 Buchholz"]
[SourceTitle "playchess.com"]
[Source "ChessBase"]
[SourceQuality "1"]
[TimeControl "180+2"]

1. d4 d5 2. Bf4 c5 3. e3 Nc6 4. Nf3 Nf6 5. Nbd2 Qb6 6. dxc5 Qxb2 7. Rb1 Qc3 8. Bb5 Bd7 9. Ba4 Qa5 10. c4 dxc4 11. O-O c3 12. Rb5 Qa6 13.
Nc4 e5 14. Bg5 e4 15. Nfe5 Nxe5 16. Nxe5 Bxb5 17. Qb3 Bxa4 18.
Qxf7+ Kd8 19. Rd1+ Kc8 20. Bxf6 Qxf6 21. Qd5 Be7 22. Rb1 Bc6 23. Nxc6 Qxc6 24. Qf5+ Qd7 25. Qxe4 Rd8 26. h3 Bxc5 27. Qc4 0-1

[Event "FIDE Women World Blitz 2021"]
[Site "Warsaw"]
[Date "2021.12.29"]
[Round "2.5"]
[White "Goryachkina, Aleksandra"]
[Black "Maisuradze, Nino"]
[Result "1-0"]
[ECO "A61"]
[WhiteElo "2604"]
[BlackElo "2175"]
[Annotator "ChessBase"]
[PlyCount "46"]
[EventDate "2021.12.29"]
[EventType "swiss"]
[EventCountry "POL"]
[Tiebreak "Cut1 Buchholz"]
[SourceTitle "playchess.com"]
[Source "ChessBase"]
[SourceQuality "1"]
[TimeControl "180+2"]

1. d4 Nf6 2. c4 c5 3. d5 e6 4. Nc3 exd5 5. cxd5 d6 6. Nf3 g6 7. Bf4 a6 8. a4 Bg7 9. h3 O-O 10. e3 Ne8 11. Be2 Nd7 12. O-O Qe7 13. a5 f5 14. Re1 Ne5 15.
Bh2 Bd7 16. Nd2 Nc7 17. Qb3 Rab8 18. Bf1 Kh8 19. f4 Nf7 20. Kh1 Rfe8 21. Bd3 h6 22. e4 Qh4 23. Nf3 Qf6 1-0

[Event "FIDE Women World Blitz 2021"]
[Site "Warsaw"]
[Date "2021.12.29"]
[Round "2.5"]
[White "Rudzinska, Michalina"]
[Black "Lach, Aleksandra"]
[Result "0-1"]
[ECO "A04"]
[WhiteElo "1832"]
[BlackElo "2204"]
[Annotator "NA"]
[PlyCount "90"]
[EventDate "2021.12.29"]
[EventType "swiss"]
[EventCountry "POL"]
[Tiebreak "Cut1 Buchholz"]
[SourceTitle "playchess.com"]
[Source "ChessBase"]
[SourceQuality "1"]
[TimeControl "180+2"]

1. Nf3 c5 2. b3 d6 3. Bb2 Nc6 4. e3 e5 5. d4 cxd4 6. exd4 e4 7. Nfd2 d5 8. Be2 Nf6 9. O-O Be7 10. Re1 O-O 11. f3 exf3 12. Bxf3 Bf5 13. Nf1 Bb4 14. c3 Bd6 15. Ne3 Ne7 16. Nd2 Qc7 17. Ndf1 Rad8 18. Rc1 Qa5 19. a4 Be4 20. c4 Bb4 21. Re2 Bxf3 22. gxf3 dxc4 23. Nxc4 Qf5 24. Rg2 Ng6 25. Nfe3 Qh5 26. Qf1 Nf4 27. Rg3 N6d5 28. Ng4 Kh8 29. Nce5 f6 30. Nd3 Nxd3 31. Qxd3 Nf4 32. Qe4 Bd6 33. Rd1 Rde8 34. Qc2 Ne2+ 35. Kg2 Nf4+ 36. Kg1 f5 37. Nf2 Ne2+ 38. Kg2 Bxg3 39. hxg3 Qg5 40. Nh1 Nf4+ 41. Kf1 Nh5 42. Kf2 f4 43. g4 Qh4+ 44. Kg2 Ng3 45. Qf2 Re2 0-1

[Event "FIDE Women World Blitz 2021"]
[Site "Warsaw"]
[Date "2021.12.29"]
[Round "2.6"]
[White "Nomin-Erdene, Davaademberel"]
[Black "Wikar, Martyna"]
[Result "1-0"]
[ECO "B32"]
[WhiteElo "2188"]
[BlackElo "1899"]
[Annotator "NA"]
[PlyCount "103"]
[EventDate "2021.12.29"]
[EventType "swiss"]
[EventCountry "POL"]
[Tiebreak "Cut1 Buchholz"]
[SourceTitle "playchess.com"]
[Source "ChessBase"]
[SourceQuality "1"]
[TimeControl "180+2"]

1. e4 c5 2. Nf3 Nc6 3. d4 cxd4 4. Nxd4 e5 5. Nb5 d6 6. N1c3 a6 7. Na3 Be6 8. Nc4 Rb8 9. Ne3 Nf6 10. g3 g6 11. Bg2 Bg7 12. O-O O-O 13.
f4 Nd4 14. f5 Bd7 15. Ncd5 Nxd5 16. Nxd5 gxf5 17. c3 Nc6 18.
exf5 f6 19. Be3 b5 20. Qd2 Rf7 21. Rad1 Bf8 22. Qf2 Ne7 23. Nxe7+ Qxe7 24. Bd5 Kh8 25. Bxf7 Qxf7 26. Qf3 Bc8 27. Qd5 Qxd5 28. Rxd5 Bb7 29. Rd2 d5 30. g4 b4 31. h4 Rc8 32. g5 bxc3 33. bxc3 Rxc3 34. Rb1 Rxe3 35. Rxb7 Bc5 36. Kg2 Re4 37. Rc2 Rc4 38. Rxc4 dxc4 39. gxf6 Kg8 40. Rc7 Bd4 41. Rxc4 Kf7 42. Rc6 a5 43. Kf3 h5 44. Ke4 a4 45. Ra6 a3 46. Rxa3 Kxf6 47. Ra6+ Kf7 48. Rh6 Kg7 49. Rxh5 Bb2 50. Rg5+ Kf6 51. Rg6+ Kf7 52. h5 1-0